 Dungeon Crawl Stone Soup version 0.17-a0-776-gd86b262 (webtiles) character file.

2022 Sixotanaka the Cleaver (level 9, -1/74 HPs)
             Began as a Deep Dwarf Berserker on Apr 25, 2015.
             Was a Priest of Trog.
             Slain by a queen bee (3 damage)
             ... on level 8 of the Dungeon.
             The game lasted 00:11:14 (1522 turns).

Sixotanaka the Cleaver (Deep Dwarf Berserker)       Turns: 1522, Time: 00:11:15

Health: -1/74      AC: 15    Str: 23    XL:     9   Next: 3%
Magic:  12/12      EV: 15    Int: 15    God:    Trog [***...]
Gold:   49         SH:  3    Dex: 16    Spells: 0 memorised, 8 levels left

rFire  . . .     SeeInvis .     v - +0 war axe
rCold  . . .     Clarity  .     y - +5 chain mail "Ceocrep" {MR+ Regen+ Int+2 Dex-2}
rNeg   . . .     SustAb   .     k - +0 buckler
rPois  .         Gourm    .     (no helmet)
rElec  .         Spirit   .     (no cloak)
rCorr  .         Warding  .     (no gloves)
rMut   .         Stasis   .     (no boots)
MR     ++...                    (no amulet)
Stlth  ..........               (no ring)
                                (no ring)

@: brilliant, agile, lethally poisoned (-1 -> -4), non-regenerating, very
resistant to hostile enchantments, extremely unstealthy
A: damage resistance, recharge devices, sense surroundings 2, slow healing 3
a: Device Recharging, Burn Spellbooks, Berserk, Trog's Hand, Renounce Religion


You were on level 8 of the Dungeon.
You worshipped Trog.
Trog was most pleased with you.
You were very hungry.

You visited 1 branch of the dungeon, and saw 8 of its levels.

You collected 49 gold pieces.


Innate Abilities, Weirdness & Mutations

You are resistant to damage.
You can recharge devices by infusing magical energy.
You passively map the area around you.
You do not heal naturally.


   Skills:
 - Level 2.6 Fighting
 * Level 9.9 Axes
 + Level 6.6 Armour
 - Level 4.3 Dodging
 + Level 5.6 Evocations


You had 8 spell levels left.
You didn't know any spells.

Dungeon Overview and Level Annotations

Branches:
Dungeon (8/15)
 Temple: D:4-7         Lair: D:8-11

Altars:
Elyvilon
Kikubaaqudgha
Okawaru
The Shining One

Inventory:

Hand weapons
 v - a +0 war axe (weapon)
Missiles
 o - 4 curare-tipped needles
Armour
 k - a +0 buckler (worn)
 y - the +5 chain mail "Ceocrep" (worn) {MR+ Regen+ Int+2 Dex-2}
   (You found it on level 7 of the Dungeon)

   It affects your intelligence (+2).
   It affects your dexterity (-2).
   It affects your resistance to hostile enchantments.
   It increases your rate of regeneration.
Magical devices
 c - a wand of heal wounds (3) {@v2}
Scrolls
 b - 2 scrolls of teleportation {unknown}
 g - 2 scrolls of amnesia {unknown}
 i - a scroll of blinking {unknown}
 j - a scroll of immolation {unknown}
 m - a scroll of enchant armour {unknown}
 n - 2 scrolls of remove curse {@r2}
 q - 2 scrolls of magic mapping {unknown}
 r - a scroll of recharging {unknown}
 s - a scroll of fog {unknown}
 t - a scroll of fear {unknown}
Potions
 f - a potion of cancellation {unknown}
 l - a potion of heal wounds {unknown}
 u - a potion of brilliance
 w - a potion of restore abilities
 z - a potion of berserk rage {unknown}
Comestibles
 a - 6 chunks of flesh
 d - 3 bread rations
 h - 5 meat rations

###### * , ### #....# , ,
..# #....# ## , , ..# #....#
##... , ..####....# ###....#
* * * ..........# ##......#
** * #.####....#####.....# #
#.# #............# .# * *
#.# #....>#####@## #.# .
#.####..<..#####y####..#...,
.........(.....yy#..........
..#............yy..y.....#
..##............####.....#
....(.........## , .#...#
#....)......(.#, * ## .##
#............#* , ,*, #
............. *, ,


You could see a queen bee and 4 killer bees.


Message History

You slash the queen bee!
You are no longer poisoned.
The queen bee stings you!
* * * LOW HITPOINT WARNING * * *
You are poisoned.
The queen bee poisons you!
You slash the queen bee! The queen bee stings you!
* * * LOW HITPOINT WARNING * * *
You slash the queen bee!
The queen bee stings you but does no damage.
You hit the queen bee.
The killer bee rages. x3
The queen bee stings you but does no damage.
Unknown command.
You barely miss the queen bee. The queen bee stings you.
* * * LOW HITPOINT WARNING * * *
You are more poisoned.
The queen bee poisons you!
You barely miss the queen bee.
You feel very sick. The queen bee barely misses you.
The killer bee rages.
Unknown command.
Drink which item? (? for menu, Esc to quit)
It was a potion of brilliance.
You feel clever all of a sudden.
You feel sick.
The killer bee is no longer berserk.
The killer bee rages. x2
The queen bee stings you!
* * * LOW HITPOINT WARNING * * *
Drink which item? (? for menu, Esc to quit)
It was a potion of agility.
You feel agile all of a sudden.
* * * LOW HITPOINT WARNING * * *
You feel sick. The queen bee misses you.
Zapping:
c - a wand of heal wounds (5) {@v2} You feel much better.
This wand has 4 charges left.
The killer bee is no longer berserk.
The queen bee stings you.
You closely miss the queen bee. You block the queen bee's attack.
You barely miss the queen bee. The queen bee misses you.
You hit the queen bee.
The queen bee stings you but does no damage.
The queen bee completely misses you.
You hit the queen bee. The queen bee stings you!
* * * LOW HITPOINT WARNING * * *
You are lethally poisoned!
The queen bee poisons you!
Read which item? (? for menu, Esc to quit)
Identify which item? (\ to view known items) (? for menu, Esc to quit)
As you read the scroll of identify {@r1}, it crumbles to dust.
w - a potion of restore abilities
* * * LOW HITPOINT WARNING * * *
You feel very sick. The queen bee completely misses you.
Drink which item? (? for menu, Esc to quit)
It was a potion of magic.
Magic courses through your body.
* * * LOW HITPOINT WARNING * * *
You feel very sick.
The killer bee looks more energetic.
The queen bee closely misses you.
Zapping:
c - a wand of heal wounds (4) {@v2} You feel much better.
This wand has 3 charges left.
You feel sick. The queen bee stings you!
* * * LOW HITPOINT WARNING * * *
You closely miss the queen bee.
You feel sick. The queen bee stings you!
* * * LOW HITPOINT WARNING * * *
You completely miss the queen bee.
* * * LOW HITPOINT WARNING * * *
You feel very sick. The queen bee stings you.
You die...

Action                   |  1- 3 |  4- 6 |  7- 9 || total
-------------------------+-------+-------+-------++-------
Melee: Hand axe          |    97 |    79 |       ||   176
       War axe           |       |    50 |   169 ||   219
Invok: Berserk           |     1 |     2 |     3 ||     6
       Trog's Hand       |     1 |     1 |     3 ||     5
 Abil: Device Recharging |       |       |     1 ||     1
Evoke: Wand              |     1 |     1 |     5 ||     7
  Use: Scroll            |       |       |     3 ||     3
       Potion            |       |       |     3 ||     3
 Stab: Sleeping          |     1 |       |       ||     1
  Eat: Chunk             |       |     1 |     3 ||     4
       Bread ration      |       |     1 |       ||     1

Vault maps used:
D:1:      dpeg_arrival_subterranean_lakeside_camping
D:4:      nicolae_overflow_hidden_temple, first_bread
D:5:      lemuel_crystal_altar, minmay_temple_entry_mist
D:6:      uniq_eustachio
D:7:      yredelemnul_forgotten_temple_becter, okawaru_ov_weapons_minmay
D:8:      david_nohive_1, minmay_strange_pillars

Notes
Turn   | Place    | Note
--------------------------------------------------------------
     0 | D:1      | Sixotanaka, the Deep Dwarf Berserker, began the quest for the Orb.
     0 | D:1      | Reached XP level 1. HP: 20/20 MP: 1/1
   143 | D:2      | Reached XP level 2. HP: 27/27 MP: 2/2
   169 | D:2      | Reached skill level 4 in Axes
   276 | D:2      | Acquired Trog's second power
   295 | D:2      | Reached XP level 3. HP: 22/33 MP: 3/3
   552 | D:3      | Reached XP level 4. HP: 32/40 MP: 4/4
   710 | D:4      | Reached skill level 3 in Dodging
   711 | D:4      | Reached skill level 5 in Axes
   711 | D:4      | Reached skill level 3 in Armour
   713 | D:4      | Reached XP level 5. HP: 40/46 MP: 5/5
   889 | D:5      | Entered Level 5 of the Dungeon
   946 | D:4      | Found a glowing golden altar of the Shining One.
   946 | D:4      | Found an ancient bone altar of Kikubaaqudgha.
   982 | D:5      | Found a white marble altar of Elyvilon.
   994 | D:5      | Reached skill level 6 in Axes
   994 | D:5      | Reached XP level 6. HP: 31/55 MP: 6/6
  1008 | D:5      | You fall through a shaft!
  1016 | D:6      | Reached skill level 4 in Armour
  1016 | D:6      | Reached skill level 4 in Dodging
  1024 | D:6      | Noticed a sky beast
  1029 | D:6      | HP: 20/82 [something (2)]
  1033 | D:6      | HP: 7/82 [sky beast (4)]
  1034 | D:6      | HP: 2/82 [sky beast (5)]
  1036 | D:6      | Killed a sky beast
  1036 | D:6      | Reached XP level 7. HP: 2/61 MP: 7/7
  1097 | D:8      | Noticed Shenaniganizer's ghost (experienced OpAs)
  1121 | D:7      | Found an iron altar of Okawaru.
  1132 | D:7      | Got a transparent chain mail
  1134 | D:7      | Identified the +5 chain mail "Ceocrep" {MR+ Regen+ Int+2 Dex-2} (You found it on level 7 of the Dungeon)
  1206 | D:8      | Reached skill level 7 in Axes
  1206 | D:8      | Reached skill level 1 in Evocations
  1253 | D:8      | Reached skill level 2 in Evocations
  1255 | D:8      | Killed Shenaniganizer's ghost
  1255 | D:8      | Reached skill level 8 in Axes
  1255 | D:8      | Reached skill level 5 in Armour
  1255 | D:8      | Reached skill level 4 in Evocations
  1255 | D:8      | Reached XP level 8. HP: 68/68 MP: 8/11
  1293 | D:8      | Reached skill level 9 in Axes
  1347 | D:8      | Reached skill level 6 in Armour
  1349 | D:8      | Reached skill level 5 in Evocations
  1480 | D:8      | Gained mutation: You passively map the area around you. [Deep Dwarf growth]
  1480 | D:8      | Reached XP level 9. HP: 28/74 MP: 12/12
  1483 | D:8      | Noticed a queen bee
  1506 | D:8      | HP: 17/74 [queen bee (9)]
  1511 | D:8      | HP: 9/74 [poisoned by a queen bee]
  1511 | D:8      | HP: 3/74 [queen bee (6)]
  1512 | D:8      | HP: 1/74 [poisoned by a queen bee]
  1517 | D:8      | HP: 11/74 [queen bee (5)]
  1519 | D:8      | HP: 5/74 [poisoned by a queen bee]
  1522 | D:8      | HP: 2/74 [poisoned by a queen bee]
  1522 | D:8      | Slain by a queen bee

Vanquished Creatures
  The ghost of Shenaniganizer the Covert, an experienced OpAs of Dithmenos (D:8)
  A hippogriff (D:8)
  A sky beast (D:6)
  A black bear (D:8)
  An ogre (D:8)
  A giant frog (D:6)
  9 killer bees (D:8)
  3 scorpions
  A water moccasin skeleton (D:8)
  2 crimson imps
  A giant frog skeleton (D:4)
  A jelly (D:6)
  4 worker ants
  A centaur skeleton (D:8)
  A worker ant zombie (D:5)
  5 adders
  A shadow imp (D:8)
  4 worms
  4 giant geckos
  A bat skeleton (D:6)
  5 hobgoblins
  3 kobolds
  A quokka (D:2)
  A ball python (D:1)
  6 bats
  2 giant cockroaches (D:2)
  3 giant newts
  5 goblins
  7 rats
77 creatures vanquished.
